Map: Tryton ER

Players

Madman

  • Race: Protoss Protoss
  • League: Diamond
  • Spawn Location: 11:00

Legol - Winner!

  • Race: Protoss Protoss
  • League: Gold
  • Spawn Location: 5:00

VOD

Have the link to the VOD?

Description

Time

  • Played on: Jan. 8, 2020, 1:51 p.m.
  • Length: 8:55
Show
View Real Time Build Order
Export as new Build Order

Madman Protoss 

Build Orders:  

Get SALT Encoding   

  12  0:01  Probe  
  13  0:13  Probe  
  14  0:20  Pylon  
  14  0:25  Probe  
  15  0:38  Probe (Chrono Boost)  
  15  0:42  Gateway  
  17  0:50  Assimilator, Probe (Chrono Boost)  
  17  0:56  Probe (Chrono Boost)  
  18  1:04  Assimilator  
  18  1:05  Probe  
  18  1:10  Assimilator  
  19  1:21  Probe  
  19  1:22  Gateway  
  20  1:32  Cybernetics Core  
  20  1:41  Probe  
  21  1:51  Pylon  
  21  2:00  Probe  
  22  2:08  Warp Gate (Chrono Boost)  
  22  2:10  Stalker x2  
  26  2:23  Probe  
  27  2:39  Nexus  
  27  2:48  Stalker  
  29  2:55  Stalker  
  31  3:01  Pylon  
  31  3:40  Robotics Facility  
  31  3:41  Gateway  
  31  3:43  Gateway  
  31  3:52  Probe (Chrono Boost)  
  31  3:53  Probe (Chrono Boost)  
  35  4:03  Probe x2 (Chrono Boost)  
  35  4:05  Stargate  
  35  4:21  Protoss Air Weapons Level 1 (Chrono Boost)  
  35  4:23  Stalker x2  
  39  4:34  Immortal (Chrono Boost)  
  43  4:40  Probe x2  
  45  4:52  Probe x2  
  46  4:57  Pylon  
  47  5:03  Pylon  
  47  5:06  Observer  
  48  5:12  Probe  
  48  5:13  Fleet Beacon  
  49  5:14  Probe  
  50  5:27  Probe  
  50  5:28  Probe  
  52  5:29  Shield Battery  
  52  5:31  Pylon  
  52  5:34  Observer  
  53  5:50  Void Ray (Chrono Boost)  
  53  5:56  Assimilator  
  57  5:58  Assimilator  
  57  6:18  Unknown  
  57  6:32  Nexus  
  57  6:34  Pylon  
  57  6:35  Pylon  
  57  6:43  Probe (Chrono Boost)  
  59  6:49  Probe (Chrono Boost)  
  59  6:53  Probe (Chrono Boost)  
  60  6:57  Probe (Chrono Boost)  
  61  7:02  Stalker x4  
  61  7:03  Immortal (Chrono Boost)  
  61  7:08  Void Ray  
  77  7:17  Shield Battery  
  77  7:22  Shield Battery  
  77  7:36  Stargate  
  77  7:56  Void Ray (Chrono Boost)  
  81  8:04  Probe x2  
  83  8:09  Pylon  
  83  8:16  Probe x2  
  66  8:28  Probe x2, Stalker x4  
Show
View Real Time Build Order
Export as new Build Order

Legol Protoss - Winner!

Build Orders:  

Get SALT Encoding   

  12  0:01  Probe  
  13  0:13  Probe  
  14  0:21  Pylon  
  14  0:25  Probe  
  15  0:39  Probe (Chrono Boost)  
  15  0:40  Gateway  
  17  0:51  Probe (Chrono Boost)  
  17  0:53  Assimilator  
  17  1:05  Probe  
  18  1:18  Probe  
  19  1:29  Cybernetics Core  
  19  1:30  Probe  
  19  1:31  Gateway  
  19  1:32  Pylon  
  20  2:08  Nexus  
  20  2:09  Stalker (Chrono Boost)  
  22  2:17  Warp Gate  
  22  2:20  Stalker (Chrono Boost)  
  24  2:24  Probe  
  25  2:36  Probe  
  26  2:48  Probe  
  27  2:56  Stalker x2  
  31  3:05  Pylon  
  31  3:08  Assimilator  
  31  3:19  Probe  
  32  3:31  Probe x2  
  34  3:40  Robotics Facility  
  34  3:42  Pylon  
  34  3:43  Probe  
  34  3:44  Probe  
  36  3:50  Stalker  
  36  3:55  Probe  
  39  3:56  Probe  
  40  4:03  Shield Battery  
  40  4:04  Pylon  
  40  4:10  Probe x2  
  42  4:22  Probe x2  
  42  4:23  Stalker  
  46  4:24  Immortal (Chrono Boost)  
  50  4:34  Probe x2  
  52  4:45  Gateway  
  52  4:46  Probe x2  
  54  4:56  Observer (Chrono Boost)  
  54  4:58  Probe x2  
  57  5:10  Probe  
  57  5:11  Probe  
  57  5:12  Stalker x2  
  63  5:23  Gateway  
  63  5:26  Gateway  
  63  5:28  Forge  
  63  5:29  Assimilator  
  63  5:30  Pylon  
  63  5:31  Assimilator  
  63  5:32  Pylon  
  63  5:33  Immortal (Chrono Boost)  
  63  5:39  Sentry  
  69  5:45  Pylon  
  69  5:48  Probe (Chrono Boost)  
  69  5:49  Probe (Chrono Boost), Pylon  
  71  6:06  Probe  
  71  6:07  Probe, Protoss Ground Weapons Level 1 (Chrono Boost)  
  71  6:08  Immortal (Chrono Boost)  
  77  6:17  Stalker x3  
  82  6:33  Zealot  
  84  6:41  Stalker x4  
  92  6:52  Photon Cannon  
  91  6:59  Stalker  
  93  7:04  Warp Prism  
  95  7:11  Photon Cannon  
  95  7:14  Photon Cannon  
  95  7:16  Stalker x3  
  101  7:24  Pylon  
  101  7:27  Pylon  
  101  7:29  Pylon  
  101  7:43  Stalker x2  
  101  7:44  Stalker x2  
  109  7:53  Pylon  
  109  7:55  Pylon  
  109  7:57  Pylon  
  109  8:08  Stalker  
  109  8:09  Stalker x4  
  81  8:36  Stalker  
  81  8:37  Stalker x4  
Tags
 
Matchup
PvP
Spawn Locations
Cross Positions
Add a new tag
Caveats
  • Supply blocks, unpowered buildings, or Contaminate may cause inaccurate times.
  • Supply counts are checked every 10 seconds.